 Dungeon Crawl Stone Soup version 0.23-a0-329-g6f3f904 (webtiles) character file.

15879 namelastname112 the Quickloader (level 12, -4/107 (108) HPs)
             Began as a Green Draconian Wanderer on Oct 16, 2018.
             Was a High Priest of Dithmenos.
             Slain by a phantasmal warrior (27 damage)
             ... on level 11 of the Dungeon.
             The game lasted 00:22:22 (12301 turns).

namelastname112 the Quickloader (DrWn)             Turns: 12301, Time: 00:22:22

HP:   -4/107 (108)  AC: 13    Str: 11    XL:     12   Next: 5%
MP:   12/12         EV: 19    Int: 13    God:    Dithmenos [*****.]
Gold: 450           SH:  0    Dex: 23    Spells: 11/11 levels left

rFire    . . .     SeeInvis .   b - +1 hand crossbow
rCold    + . .     Gourm    .   (no shield)
rNeg     . . .     Faith    +   (armour unavailable)
rPois    +         Spirit   .   (helmet restricted)
rElec    .         Reflect  .   A - +1 cloak
rCorr    .         Harm     .   L - +2 pair of gloves
MR       .....                  (no boots)
Stlth    +++.......             g - amulet of faith
HPRegen  0.27/turn              M - ring of Honesty {rPois rC+}
MPRegen  0.13/turn              C - +4 ring of dexterity

@: wreathed by umbra
A: breathe noxious fumes, unfitting armour, poison resistance, cold-blooded, AC
+8
a: Breathe Noxious Fumes, Shadow Step, Shadow Form, Renounce Religion


You were on level 11 of the Dungeon.
You worshipped Dithmenos.
Dithmenos was extremely pleased with you.
You were hungry.

You visited 2 branches of the dungeon, and saw 12 of its levels.

You collected 634 gold pieces.
You spent 184 gold pieces at shops.

Inventory:

Hand Weapons
 a - the +1 falchion of Equivalence {drain, Int+2}
   (You bought it in a shop on level 6 of the Dungeon)

   A truly terrible weapon, it drains the life of those it strikes.
   It affects your intelligence (+2).
 b - a +1 hand crossbow (weapon)
 n - a +0 scimitar
Missiles
 d - 71 bolts (quivered)
 q - 13 curare-tipped needles
 D - 4 throwing nets
Armour
 A - a +1 cloak (worn)
 L - a +2 pair of gloves (worn)
Jewellery
 g - an amulet of faith (around neck)
 C - a +4 ring of dexterity (right hand)
 I - an uncursed ring of positive energy
 K - an uncursed amulet of the acrobat
 M - the ring of Honesty (left hand) {rPois rC+}
   (You found it on level 7 of the Dungeon)

   [ring of protection from cold]

   It protects you from cold.
   It protects you from poison.
Wands
 t - a wand of enslavement (8)
 y - a wand of flame (29)
 B - a wand of iceblast (9)
Scrolls
 c - 2 scrolls of fear
 e - 8 scrolls of teleportation
 h - a scroll of immolation
 k - 4 scrolls of enchant weapon
 l - 3 scrolls of enchant armour
 m - 3 scrolls of fog
 p - a scroll of acquirement {unknown}
 x - 6 scrolls of identify
 z - a scroll of remove curse
Potions
 i - 2 potions of agility
 j - 5 potions of haste
 o - 4 potions of heal wounds
 r - 4 potions of curing
 s - 4 potions of lignification
 u - 4 potions of might
 w - 3 potions of invisibility
 E - a potion of flight
 H - a potion of berserk rage {unknown}
 J - a potion of mutation {unknown}
 N - 2 potions of ambrosia
Miscellaneous
 v - a lamp of fire
Comestibles
 f - 19 rations


   Skills:
 + Level 10.9 Fighting
 * Level 9.7 Long Blades
 * Level 11.2 Crossbows
 - Level 1.0 Throwing
 + Level 7.9 Dodging
 - Level 1.0 Stealth
 - Level 1.0 Evocations


You had 11 spell levels left.
You didn't know any spells.
Your spell library contained the following spells:

 Spells                   Type           Power        Failure   Level  Hunger
 Animate Skeleton         Necr           N/A          30%         1    ##.....
 Apportation              Tloc           #.....       30%         1    ##.....
 Confusing Touch          Hex            #.....       30%         1    ##.....
 Summon Small Mammal      Summ           #...         30%         1    ##.....
 Call Imp                 Summ           #.......     43%         2    ###....
 Call Canine Familiar     Summ           #.......     67%         3    ####...
 Confuse                  Hex            #.......     67%         3    ####...
 Gell's Gravitas          Tloc           #.........   67%         3    ####...
 Summon Guardian Golem    Hex/Summ       #.......     67%         3    ####...
 Petrify                  Tmut/Erth      #.......     97%         4    #####..
 Summon Ice Beast         Ice/Summ       #.......     97%         4    #####..
 Summon Lightning Spire   Summ/Air       #.......     97%         4    #####..
 Metabolic Englaciation   Hex/Ice        #.........   100%        5    ######.
 Yara's Violent Unravell  Hex/Tmut       #.........   100%        5    ######.


Dungeon Overview and Level Annotations

Branches:
Dungeon (11/15)            Temple (1/1) D:4            Lair (0/6) D:11
    Orc (0/2) D:9

Altars:
Ashenzari
Dithmenos
Elyvilon
Gozag
Hepliaklqana
Kikubaaqudgha
Makhleb
Nemelex Xobeh
Qazlal
Ru
Sif Muna
Trog
Uskayaw
Wu Jian
Xom
Yredelemnul
Zin
The Shining One

Shops:
D:4 :   D:6 (   D:8 :   D:11 }

Annotations:
D:10 1 runed door, soark's ghost, journeyman DECj


Innate Abilities, Weirdness & Mutations

You can breathe blasts of noxious fumes.
Your lurid green scales are hard. (AC +8)
You cannot fit into any form of body armour.
Your system is resistant to poisons. (rPois)
You are cold-blooded and may be slowed by cold attacks.


Message History

The bolt hits the phantasmal warrior but does no damage.
The phantasmal warrior is severely damaged.
The phantasmal warrior closely misses you.
Firing (i - inventory. (/) - cycle)
d - 73 bolts (quivered)
Press: ? - help, Shift-Dir - straight line, f/p - phantasmal warrior
Aim: a phantasmal warrior (severely damaged, umbra)
You shoot a bolt.
The bolt hits the phantasmal warrior but does no damage.
The phantasmal warrior is severely damaged.
Your shadow shoots a bolt.
The bolt hits the phantasmal warrior.
The bolt disappears in a puff of smoke!
The phantasmal warrior completely misses you.
Firing (i - inventory. (/) - cycle)
d - 72 bolts (quivered)
Press: ? - help, Shift-Dir - straight line, f/p - phantasmal warrior
Aim: a phantasmal warrior (severely damaged, umbra)
You shoot a bolt.
The bolt hits the phantasmal warrior but does no damage.
The phantasmal warrior is severely damaged.
The phantasmal warrior hits you!!
You die...

###############
#.............#
#.....#######.#
#.....# #.# #....@#
#.# +..8W.'..(..#.#
#..(..#....(#.########
#.....##...##.........
###+#############.....
##### #....# #.....
....# #....# #.....
###.####### #....###
#..... #.......##
#....'.# #.....


You could see a phantasmal warrior.

Vanquished Creatures
  Erolcha (D:11)
  Harold (D:11)
  A hydra (D:11)
  4 two-headed ogres
  2 unseen horrors (D:11)
  Pikel (D:7)
  2 ugly things (D:11)
  A deep elf mage (D:9)
  A cyclops (D:11)
  3 meliai (D:11)
  A troll (D:10)
  2 hornets
  A hippogriff (D:8)
  3 wyverns
  4 yaks (D:6)
  A spriggan (D:7)
  A hungry ghost (D:8)
  A soldier ant (D:11)
  A water moccasin (D:10)
  5 orc warriors
  2 black bears
  2 sky beasts
  4 ice beasts
  A slave (D:7)
  2 necrophages (D:8)
  A phantom (D:3)
  6 centaurs
  4 ogres
  7 bullfrogs
  A wyvern zombie (D:6)
  2 wyvern skeletons
  3 scorpions
  3 wights (D:8)
  17 killer bees
  2 howler monkeys
  4 centaur zombies
  A bullfrog zombie (D:8)
  2 quasits
  4 crimson imps
  4 orc priests
  2 jellies
  A centaur skeleton (D:10)
  4 hounds
  12 orc wizards
  5 worker ants
  6 iguanas
  2 killer bee zombies (D:8)
  A hound zombie (D:8)
  A hound skeleton (D:5)
  2 mummies (D:8)
  A howler monkey zombie (D:5)
  A worker ant zombie (D:11)
  4 gnolls (D:5)
  7 adders
  An adder skeleton (D:5)
  5 worms
  A dart slug (D:1)
  2 leopard geckos (D:7)
  42 orcs
  6 bats
  7 giant cockroaches
  8 goblins
  10 hobgoblins
  17 jackals
  5 quokkas
  5 frilled lizards
  A jackal skeleton (D:6)
  9 kobolds
  2 quokka zombies (D:8)
  4 rats
283 creatures vanquished.

Vanquished Creatures (collateral kills)
  A wyvern (D:11)
1 creature vanquished.

Vanquished Creatures (others)
  A slave (D:7)
1 creature vanquished.

Grand Total: 285 creatures vanquished

Notes
Turn   | Place    | Note
-------+----------+-------------------------------------------
     0 | D:1      | namelastname112 the Draconian Wanderer began the quest for
                  | the Orb.
     0 | D:1      | namelastname112 set off with: a +2 dagger, a scroll of
                  | fear, a +0 hand crossbow, 26 bolts, a scroll of
                  | teleportation, a ration
     0 | D:1      | Reached XP level 1. HP: 23/23 MP: 1/1
    77 | D:1      | Reached XP level 2. HP: 7/29 MP: 2/2
   936 | D:1      | Reached skill level 2 in Crossbows
  1129 | D:2      | Found an ornate altar of the Wu Jian Council.
  1160 | D:2      | Reached XP level 3. HP: 37/37 MP: 3/3
  1615 | D:2      | Found a shimmering altar of Xom.
  1982 | D:2      | Found a faded altar of an unknown god.
  1982 | D:2      | Found a sparkling altar of Nemelex Xobeh.
  1987 | D:2      | Found a basalt altar of Yredelemnul.
  1989 | D:2      | Found a faded altar of an unknown god.
  1991 | D:2      | Found a shattered altar of Ashenzari.
  2139 | D:2      | Reached XP level 4. HP: 32/44 MP: 4/4
  2878 | D:3      | Reached skill level 3 in Crossbows
  3110 | D:3      | Noticed a black bear
  3126 | D:3      | Killed a black bear
  3126 | D:3      | Reached XP level 5. HP: 28/50 MP: 5/5
  3618 | D:3      | Noticed a phantom
  3630 | D:3      | Killed a phantom
  3630 | D:3      | Reached skill level 4 in Crossbows
  3630 | D:3      | Reached XP level 6. HP: 47/58 MP: 6/6
  3632 | D:3      | Found a deep blue altar of Sif Muna.
  4185 | D:4      | Found Viyx's Book Shoppe.
  4266 | D:4      | Found a staircase to the Ecumenical Temple.
  4335 | Temple   | Entered the Ecumenical Temple
  4358 | Temple   | Became a worshipper of Dithmenos the Shadowed
  4923 | D:5      | Entered Level 5 of the Dungeon
  5168 | D:5      | Found a hide-covered altar of Uskayaw.
  5260 | D:5      | Noticed a dagger
  5261 | D:5      | Noticed a hand axe
  5369 | D:5      | Found a hazy altar of Hepliaklqana.
  5440 | D:6      | Your scales start taking on a lurid green colour.
  5440 | D:6      | Reached XP level 7. HP: 34/64 MP: 7/7
  5440 | D:6      | Gained mutation: Your system is resistant to poisons.
                  | (rPois) [Green Draconian growth]
  5442 | D:6      | Reached skill level 5 in Crossbows
  5937 | D:6      | Noticed a yak
  5937 | D:6      | Noticed a yak
  5946 | D:6      | Noticed a yak
  5951 | D:6      | Noticed a yak
  5955 | D:6      | Killed a yak
  5955 | D:6      | Reached skill level 6 in Crossbows
  5955 | D:6      | Reached XP level 8. HP: 60/73 MP: 8/8
  5957 | D:6      | Reached * piety under Dithmenos
  6430 | D:6      | Reached skill level 7 in Crossbows
  6650 | D:6      | Found Uzxeusih's Antique Weapon Shoppe.
  6668 | D:6      | Bought a polished falchion for 184 gold pieces
  6668 | D:6      | Identified the +1 falchion of Equivalence {drain, Int+2}
                  | (You bought it in a shop on level 6 of the Dungeon)
  6826 | D:7      | Reached skill level 1 in Long Blades
  6826 | D:7      | Reached skill level 5 in Dodging
  7012 | D:7      | Reached XP level 9. HP: 81/82 MP: 9/9
  7020 | D:7      | Found a glowing golden altar of the Shining One.
  7020 | D:7      | Found a white marble altar of Elyvilon.
  7020 | D:7      | Found a glowing silver altar of Zin.
  7033 | D:7      | Got a bound granite ring
  7035 | D:7      | Identified the ring of Honesty {rPois rC+} (You found it on
                  | level 7 of the Dungeon)
  7238 | D:7      | Noticed Pikel
  7259 | D:7      | Killed Pikel
  7259 | D:7      | Reached skill level 8 in Crossbows
  7705 | D:8      | Reached ** piety under Dithmenos
  7969 | D:8      | Reached skill level 5 in Long Blades
  8039 | D:8      | Found Diddin's Book Emporium.
  8096 | D:8      | Reached XP level 10. HP: 84/90 MP: 10/10
  8301 | D:8      | Found a sacrificial altar of Ru.
  8542 | D:8      | Reached skill level 9 in Crossbows
  8597 | D:9      | Noticed a two-headed ogre
  8606 | D:9      | Noticed a two-headed ogre
  8613 | D:9      | Killed a two-headed ogre
  8630 | D:9      | Killed a two-headed ogre
  8702 | D:9      | Noticed a two-headed ogre
  8708 | D:9      | Reached *** piety under Dithmenos
  8718 | D:9      | Killed a two-headed ogre
  9173 | D:9      | Found an opulent altar of Gozag.
  9174 | D:9      | Noticed a deep elf mage
  9196 | D:9      | Killed a deep elf mage
  9196 | D:9      | Reached skill level 10 in Fighting
  9537 | D:9      | Reached XP level 11. HP: 98/98 MP: 11/11
  9576 | D:9      | Found a staircase to the Orcish Mines.
  9612 | D:9      | Reached skill level 10 in Crossbows
  9799 | D:10     | Entered Level 10 of the Dungeon
  9868 | D:10     | Reached **** piety under Dithmenos
 10044 | D:10     | Found a runed door.
 10048 | D:10     | Found a shimmering altar of Xom.
 10048 | D:10     | Noticed a glowing mace
 10048 | D:10     | Noticed soark's ghost (journeyman DECj)
 10318 | D:10     | Paralysed by a hornet for 1 turns
 11137 | D:11     | Noticed Erolcha
 11179 | D:11     | Killed Erolcha
 11408 | D:11     | Killed an unseen horror
 11552 | D:11     | Noticed Harold
 11558 | D:11     | Noticed a purple ugly thing
 11572 | D:11     | Killed a purple ugly thing
 11577 | D:11     | Killed Harold
 11639 | D:11     | Noticed a two-headed ogre
 11650 | D:11     | Killed a two-headed ogre
 11650 | D:11     | Reached skill level 11 in Crossbows
 11675 | D:11     | Found Latax's Gadget Boutique.
 11680 | D:11     | Reached ***** piety under Dithmenos
 11698 | D:11     | Found a staircase to the Lair.
 11707 | D:11     | Noticed an eight-headed hydra
 11867 | D:11     | Killed an eight-headed hydra
 11965 | D:11     | Noticed a purple ugly thing
 11978 | D:11     | Killed an unseen horror
 11978 | D:11     | Reached XP level 12. HP: 72/107 MP: 12/12
 12301 | D:11     | Slain by a phantasmal warrior

Vault maps used:
D:1:      tarquinn_simple_flora_water_d
D:2:      lemuel_coloured_pillars_altar, overflow_temple_1_default,
          chequers_temple_overflow_minitemple
D:3:      overflow_temple_1_default
D:4:      minmay_temple_entry_enclosed_plants, serial_shops, shop
D:5:      dancing_weapons_uskayaw, kennysheep_mini, first_ration
D:6:      serial_shops, shop
D:7:      good_gods_mini_temple, the_bakery, uniq_pikel
D:8:      hangedman_ru_absence, serial_undead, serial_undead_b, serial_undead_a,
          serial_undead_c, serial_undead_c, serial_shops,
          nicolae_shop_waterfront
D:9:      nicolae_gozag_cash_rules_everything_around_me, orc_0_dummy
D:10:     ebering_ghost_xom, kennysheep_dice
D:11:     lair_entry_dummy, serial_shops, shop, minmay_three_doors, uniq_harold,
          uniq_erolcha
Temple:   compressed_dpeg_triangle_lava_temple

Skill      XL: |  1  2  3  4  5  6  7  8  9 10 11 |
---------------+----------------------------------+-----
Crossbows      | 2 3 4 6 7 8 9 11 | 11.2
Dodging        | 2 3 4 5 6 7 |  7.9
Fighting       | 6 7 8 9 10 | 10.9
Long Blades    | 2 5 7 9 |  9.7
Throwing       | |  1.0
Stealth        | |  1.0
Evocations     | |  1.0

Action                   |  1- 3 |  4- 6 |  7- 9 | 10-12 || total
-------------------------+-------+-------+-------+-------++-------
Melee: Dagger            |   146 |   174 |    44 |       ||   364
       Tailslap          |    20 |    35 |    56 |    96 ||   207
       Unarmed           |     6 |       |       |       ||     6
       Falchion          |       |       |   157 |   409 ||   566
 Fire: Hand crossbow     |     4 |    70 |   147 |   169 ||   390
 Abil: Breathe Noxious F |       |       |     6 |    15 ||    21
  Use: Potion            |     1 |       |       |       ||     1
       Scroll            |       |       |    18 |     2 ||    20
 Stab: Sleeping          |     3 |     1 |     5 |     3 ||    12
       Confused          |       |       |       |     8 ||     8
  Eat: Chunk             |     4 |     7 |     9 |    17 ||    37
       Ration            |       |     1 |       |       ||     1
Armor: Skin              |    66 |    66 |    67 |   107 ||   306
Dodge: Dodged            |   101 |   157 |   268 |   483 ||  1009
       Rpst.: Falchion   |       |       |    55 |   116 ||   171

Table legend:
 A = Non-vault XP
 B = Vault XP
 C = Vault XP percentage of total XP
 D = Non-vault monster count
 E = Vault monster count
 F = Vault count percentage of total count
                 A         B        C        D         E       F
            +---------+---------+-------+---------+---------+-------
      Total |   19392 |    3293 |  14.5 |     268 |      15 |   5.3
            +---------+---------+-------+---------+---------+-------
        D:1 |      35 |       0 |   0.0 |      20 |       0 |   0.0
        D:2 |      76 |       0 |   0.0 |      22 |       0 |   0.0
        D:3 |     392 |       0 |   0.0 |      31 |       0 |   0.0
        D:4 |      45 |       0 |   0.0 |       6 |       0 |   0.0
        D:5 |     170 |       0 |   0.0 |      12 |       0 |   0.0
        D:6 |    1515 |       0 |   0.0 |      22 |       0 |   0.0
        D:7 |    1081 |     782 |  42.0 |      20 |       2 |   9.1
        D:8 |    1787 |     539 |  23.2 |      30 |      11 |  26.8
        D:9 |    4796 |       0 |   0.0 |      31 |       0 |   0.0
       D:10 |    1506 |       0 |   0.0 |      27 |       0 |   0.0
       D:11 |    7989 |    1972 |  19.8 |      47 |       2 |   4.1
            +---------+---------+-------+---------+---------+-------
